 Dungeon Crawl Stone Soup version 0.29.1-1-gd02db6906a (webtiles) character file.

Game seed: 2878391266829590768

134855 Icepheonix32 the Slayer (level 16, 0/252 HPs)
             Began as a Minotaur Fighter on Sept 19, 2022.
             Was the Champion of Makhleb.
             Slain by Agnes
             ... wielding a +4 lajatang of venom
              (37 damage)
             ... on level 1 of the Spider Nest.
             The game lasted 01:00:58 (32495 turns).

Icepheonix32 the Slayer (Minotaur Fighter)         Turns: 32495, Time: 01:00:59

Health: 0/252      AC: 20    Str: 29 (30) XL:     16   Next: 63%
Magic:  22/22      EV: 21    Int:  5      God:    Makhleb [******]
Gold:   1864       SH: 10    Dex: 13 (15) Spells: 15/15 levels left

rFire   + . .      SeeInvis +   Z - +6 spear (vamp)
rCold   + + +      Faith    .   r - +3 buckler
rNeg    . . .      Spirit   .   S - +4 skin of Zhor {*Englaciate rC+++ SInv}
rPois   +          Reflect  .   (helmet restricted)
rElec   .          Harm     .   u - +2 cloak {rF+}
rCorr   .          Rampage  .   x - +1 pair of gloves of New Discoveries {Str+6}
Will    +....      Clarity  +   Y - +2 pair of boots
Stlth   ..........              (no amulet)
HPRegen 0.52/turn               K - +4 ring of evasion
MPRegen 0.18/turn               E - +4 ring of protection

@: berserking, very quick
A: horns 2, retaliatory headbutt, clarity, deterioration 1, poison resistance
a: Renounce Religion, Minor Destruction, Lesser Servant of Makhleb, Major
Destruction, Greater Servant of Makhleb


You were on level 1 of the Spider Nest.
You worshipped Makhleb.
Makhleb was exalted by your worship.
You visited 5 branches of the dungeon, and saw 24 of its levels.
You also visited: Bailey, Gauntlet, Ice Cave and Volcano.

You collected 2264 gold pieces.
You spent 400 gold pieces at shops.

Inventory:

Hand Weapons
 e - a +1 flail of holy wrath
 i - a +1 vampiric war axe
 l - the +7 hand axe of Accidental Termination {freeze, rF+ rN+ Dex+2}
   (You found it in an ice cave)

   It freezes those it strikes, dealing additional cold damage.
   It can also slow down cold-blooded creatures.
   Dex:       It affects your dexterity (+2).
   rF:        It protects you from fire.
   rN:        It protects you from negative energy.
 v - a +2 flail of protection
 Z - a +6 vampiric spear (weapon)
Missiles
 d - 2 boomerangs of dispersal
 w - 2 silver boomerangs
 D - 27 boomerangs (quivered)
 L - 9 silver javelins
 T - 13 javelins
Armour
 r - a +3 buckler (worn)
 u - a +2 cloak of fire resistance (worn)
 x - the +1 pair of gloves of New Discoveries (worn) {Str+6}
   (You found it in a Gauntlet)

   Str:       It affects your strength (+6).
 B - an orb of light
 S - the +4 skin of Zhor (worn) {*Englaciate rC+++ SInv}
   (You found it on level 2 of the Lair of Beasts)

   It radiates cold, occasionally slowing all nearby creatures who are not
   resistant to cold.
   rC:        It renders you almost immune to cold.
   SInv:      It lets you see invisible.
 V - the +4 scale mail of the Crypt {rPois Int+2}
   (You took it off a minotaur in a Gauntlet)

   Int:       It affects your intelligence (+2).
   rPois:     It protects you from poison.
 Y - a +2 pair of boots (worn)
Jewellery
 p - an amulet of faith
 E - a +4 ring of protection (right hand)
 K - a +4 ring of evasion (left hand)
 P - a ring of positive energy
 R - the ring of the Serpent {Fire rElec}
   (You found it in a Gauntlet)

   [ring of fire]

   It enhances your fire magic.
   rF:        It protects you from fire.
   rC:        It makes you vulnerable to cold.
   rElec:     It insulates you from electricity.
Wands
 o - a wand of iceblast (9)
 y - a wand of polymorph (8)
 A - a wand of digging (2)
 M - a wand of paralysis (27)
 N - a wand of mindburst (10)
 O - a wand of flame (30)
Scrolls
 a - 5 scrolls of blinking
 c - 7 scrolls of identify
 j - 7 scrolls of immolation
 k - 4 scrolls of poison
 m - 10 scrolls of teleportation
 F - a scroll of enchant armour
 H - 4 scrolls of vulnerability
 J - 2 scrolls of silence
 Q - 4 scrolls of fear
 U - 4 scrolls of butterflies
Potions
 b - a potion of flight
 g - 9 potions of curing
 h - 6 potions of lignification
 q - 3 potions of brilliance
 s - 3 potions of magic
 t - 4 potions of haste
 z - 3 potions of mutation
 G - a potion of might
 I - a potion of ambrosia
 X - 6 potions of heal wounds
Miscellaneous
 f - a lightning rod (3/4)
 W - a phial of floods


   Skills:
 * Level 21.8 Fighting
 - Level 13.3(15.6) Axes
 + Level 3.0(9.1) Maces & Flails
 * Level 13.1(15.4) Polearms
 + Level 0.7 Throwing
 - Level 9.4 Armour
 * Level 13.0 Dodging
 + Level 4.2 Stealth
 + Level 11.0 Shields
 * Level 9.6 Invocations
 + Level 1.0 Evocations


You had 15 spell levels left.
You didn't know any spells.
Your spell library contained the following spells:

 Spells                   Type           Power      Damage    Failure   Level
 Apportation              Tloc           0%         N/A       54%         1
 Foxfire                  Conj/Fire      0%         2x1d4     54%         1
 Necrotise                Necr           0%         1d4       54%         1
 Summon Small Mammal      Summ           0%         N/A       54%         1
 Static Discharge         Conj/Air       0%         3-3/arc   67%         2
 Conjure Flame            Conj/Fire      0%         6-21      88%         3
 Inner Flame              Hex/Fire       0%         N/A       88%         3
 Portal Projectile        Hex/Tloc       0%         N/A       88%         3
 Spider Form              Tmut/Pois      0%         N/A       88%         3
 Tukima's Dance           Hex            0%         N/A       88%         3
 Vampiric Draining        Necr           0%         2d6       88%         3
 Airstrike                Air            0%         2d(0-16)  99%         4
 Anguish                  Hex/Necr       0%         N/A       99%         4
 Animate Armour           Summ/Erth      0%         N/A       99%         4
 Flame Wave               Conj/Fire      0%         2d4       99%         4
 Hailstorm                Conj/Ice       0%         3d3       99%         4
 Summon Lightning Spire   Summ/Air       0%         N/A       99%         4
 Agony                    Necr           0%         N/A       100%        5
 Alistair's Intoxication  Tmut/Pois      0%         N/A       100%        5
 Blade Hands              Tmut           0%         N/A       100%        5
 Fireball                 Conj/Fire      0%         3d3       100%        5
 Iskenderun's Battlesphe  Conj           0%         2d6       100%        5
 Lightning Bolt           Conj/Air       0%         1d11      100%        5
 Metabolic Englaciation   Hex/Ice        0%         N/A       100%        5
 Summon Forest            Summ/Tloc      0%         N/A       100%        5
 Summon Mana Viper        Hex/Summ       0%         N/A       100%        5
 Conjure Ball Lightning   Conj/Air       0%         3x3d6     100%        6
 Iron Shot                Conj/Erth      0%         9d1       100%        6
 Simulacrum               Ice/Necr       0%         N/A       100%        6
 Summon Cactus Giant      Summ           0%         N/A       100%        6
 Enfeeble                 Hex            0%         N/A       100%        7
 Orb of Destruction       Conj           0%         9d5       100%        7
 Ozocubu's Refrigeration  Ice            0%         4d7       100%        7
 Spellforged Servitor     Conj/Summ      0%         N/A       100%        7
 Summon Hydra             Summ           0%         N/A       100%        7
 Maxwell's Capacitive Co  Air            0%         ∞         100%        8


Dungeon Overview and Level Annotations

Branches:
Dungeon (15/15)            Temple (1/1) D:7            Lair (5/5) D:10
  Swamp (0/4) Lair:2       Spider (1/4) Lair:2        Slime (0/5) Lair:4
    Orc (2/2) D:11            Elf (0/3) Orc:2        Vaults (0/5) D:13
 Depths (0/4) D:15         Bailey (visited)           IceCv (visited)
Volcano (visited)         Gauntlet (visited)

Altars:
Ashenzari
Cheibriados
Dithmenos
Elyvilon
Fedhas
Gozag
Hepliaklqana
Kikubaaqudgha
Makhleb
Nemelex Xobeh
Okawaru
Qazlal
Ru
Sif Muna
Trog
Uskayaw
Vehumet
Wu Jian
Xom
Yredelemnul
Zin
The Shining One
Jiyva

Shops:
D:4 **   D:15 ?   Orc:1 [   Orc:2 (!(:

Annotations:
Spider:1 Agnes


Innate Abilities, Weirdness & Mutations

You have a pair of horns on your head.
You reflexively headbutt those who attack you in melee.
You possess an exceptional clarity of mind.
Your body sometimes deteriorates upon taking damage.
Your system is resistant to poisons. (rPois)


Message History

The redback resists.
The tarantella seems to slow down.
The redback is no longer moving slowly.
Agnes hits you with a +4 lajatang of venom!!
* * * LOW HITPOINT WARNING * * *
Your body deteriorates!
You feel weakened.
The jumping spider leaps!
Agnes hits you but does no damage.
You closely miss Agnes.
Agnes is heavily wounded.
The jumping spider leaps! x2
You completely miss Agnes.
Agnes is heavily wounded.
Unknown command.
You completely miss Agnes. Your headbutt misses Agnes.
Agnes is heavily wounded.
Agnes hits you with a +4 lajatang of venom!
* * * LOW HITPOINT WARNING * * *
Unknown command.
You miss Agnes.
Agnes is heavily wounded.
The wolf spider misses you. You furiously retaliate!
You headbutt the wolf spider!! The wolf spider bites you!
* * * LOW HITPOINT WARNING * * *
Unknown command.
You puncture Agnes!
You feel better.
Agnes is heavily wounded.
Agnes hits you with a +4 lajatang of venom!!
* * * LOW HITPOINT WARNING * * *
Unknown command.
You miss Agnes.
Agnes is heavily wounded.
Agnes is no longer moving slowly.
Unknown command.
You miss Agnes. Your headbutt misses Agnes.
Agnes is heavily wounded.
The wolf spider closely misses you. The wolf spider completely misses you.
Unknown command.
You puncture Agnes!
You feel better.
Your headbutt misses Agnes.
Agnes is severely wounded.
Agnes hits you with a +4 lajatang of venom!!!
You die...

### ####.##
##.##..## ####
#<.....s###^.##
#........s#...#
####...^.si@..#
#...##.ss####
######..s.#
#..### #..°
#.... ###...


.ss ..# You could see Agnes, a wolf spider (slow), 3 jumping spiders, a
tarantella (slow) and a redback.

Vanquished Creatures
  Jorgrun (Orc:2)
  An orc warlord (Orc:1)
  A minotaur (Gauntlet)
  Snorg (Lair:3)
  Josephine (Lair:3)
  4 hydras
  The ghost of WilliamBlazkowicz the Cleaver, a journeyman MiFi of Qazlal (Lair:3)
  4 boulder beetles
  5 centaur warriors
  8 two-headed ogres
  5 death yaks
  4 tengu warriors
  Urug (Lair:3)
  4 orc high priests (Orc:2)
  A soul eater (D:13)
  A sun demon (Gauntlet)
  A fire crab (Gauntlet)
  2 sixfirhies (D:13)
  Nergalle (Lair:3)
  A fire crab (shapeshifter) (D:15)
  A steelbarb worm (Spider:1)
  2 deep trolls (D:15)
  2 goliath frogs (Lair:5)
  A deep elf archer (Volcano)
  2 wizards
  10 deep elf pyromancers
  5 orc knights
  A harpy (shapeshifter) (D:14)
  A wolf spider (Lair:2)
  8 ugly things
  5 orc sorcerers
  5 cyclopes
  A cyclops (shapeshifter) (D:15)
  2 black mambas
  Maurice (Orc:1)
  A guardian serpent (shapeshifter) (D:15)
  2 orange demons (D:13)
  A torpor snail (Lair:2)
  25 cane toads
  4 gargoyles
  2 ice statues (IceCv)
  9 komodo dragons
  2 minotaur zombies (Gauntlet)
  6 rime drakes
  A hellion (Gauntlet)
  A yaktaur (D:15)
  A freezing wraith (IceCv)
  A yaktaur (shapeshifter) (D:15)
  2 ice devils (D:13)
  A hellwing (D:13)
  5 tengu conjurers
  3 tyrant leeches (Lair:5)
  A wolf spider simulacrum (D:14)
  3 hornets
  9 trolls
  2 polar bears (Lair:3)
  18 blink frogs
  9 slime creatures
  4 dream sheep (Lair:5)
  A culicivora (Lair:2)
  A shadow (D:13)
  2 vampires
  A ynoxinul (D:13)
  41 yaks
  2 water elementals (D:12)
  6 wyverns
  5 wraiths
  3 fire bats (Gauntlet)
  A neqoxec (D:13)
  2 basilisks
  A death yak simulacrum (IceCv)
  7 fire elementals (Volcano)
  A redback (Lair:2)
  3 chaos spawn (D:13)
  11 vampire mosquitoes
  2 wargs
  The ghost of Powertoast the Sneak, an amateur KoBr (D:3)
  An acid dragon (D:13)
  5 hell hounds (Volcano)
  32 water moccasins
  An ice beast (D:5)
  A sky beast (D:8)
  46 orc warriors
  12 wolves
  12 ogres
  23 centaurs
  2 phantoms
  3 kobold brigands
  20 bullfrogs
  3 necrophages
  2 cane toad simulacra (IceCv)
  A gnoll sergeant (D:9)
  A scorpion (D:4)
  4 wights (D:8)
  11 killer bees
  2 elephant simulacra (IceCv)
  9 howler monkeys
  8 electric eels
  4 hounds
  4 jellies
  A gnoll bouda (D:6)
  28 orc priests
  26 orc wizards
  Ijyb (D:3)
  2 iguanas
  15 gnolls
  25 adders
  2 shadow imps
  2 white imps
  3 worms
  3 dart slugs
  124 orcs
  2 ball pythons
  6 endoplasms
  5 giant cockroaches
  6 goblins
  12 hobgoblins
  3 jackals (D:1)
  17 kobolds
  8 quokkas
  4 bats
  3 rats (D:1)
804 creatures vanquished.

Vanquished Creatures (others)
  A wizard (D:15)
  A deep elf pyromancer (Volcano)
  An orc priest (Orc:2)
  An adder (Lair:4)
  2 orcs (Orc:2)
  6 demonic plants (D:13)
  32 fungi
  96 plants
140 creatures vanquished.

Grand Total: 944 creatures vanquished

Notes
Turn   | Place    | Note
-------+----------+-------------------------------------------
     0 | D:1      | Icepheonix32 the Minotaur Fighter began the quest for the
                  | Orb.
     0 | D:1      | Reached XP level 1. HP: 19/19 MP: 0/0
   270 | D:1      | Reached skill level 4 in Fighting
   270 | D:1      | Reached XP level 2. HP: 27/27 MP: 1/1
   791 | D:1      | Reached XP level 3. HP: 32/33 MP: 2/2
  1467 | D:2      | Reached XP level 4. HP: 29/41 MP: 3/3
  2280 | D:3      | Gained mutation: You possess an exceptional clarity of
                  | mind. [potion of mutation]
  2280 | D:3      | Gained mutation: You are weak. (Str -2) [potion of
                  | mutation]
  2280 | D:3      | Gained mutation: You are agile. (Dex +4, Str/Int -1)
                  | [potion of mutation]
  2280 | D:3      | Gained mutation: You are partially covered in iridescent
                  | scales. (AC +2) [potion of mutation]
  2567 | D:3      | Noticed Ijyb
  2576 | D:3      | Killed Ijyb
  2601 | D:3      | Found a runed translucent gate.
  2602 | D:3      | Found a runed translucent gate.
  2602 | D:3      | Noticed Powertoast's ghost (amateur KoBr)
  2606 | D:3      | Found a runed translucent gate.
  2659 | D:3      | Reached XP level 5. HP: 47/47 MP: 4/4
  2730 | D:3      | Reached skill level 5 in Fighting
  2730 | D:3      | Reached skill level 5 in Axes
  3219 | D:4      | Reached skill level 1 in Dodging
  3428 | D:4      | Reached XP level 6. HP: 37/56 MP: 5/5
  3870 | D:4      | Found Vicatuis's General Store.
  3872 | D:4      | Found Coir's Specific Store.
  3879 | D:4      | Bought a scroll of identify for 22 gold pieces
  4133 | D:4      | Found a blossoming altar of Fedhas.
  4135 | D:4      | Found a glowing silver altar of Zin.
  4168 | D:5      | Entered Level 5 of the Dungeon
  4168 | D:5      | Found a hazy altar of Hepliaklqana.
  4239 | D:5      | Noticed an ice beast
  4253 | D:5      | Killed an ice beast
  4254 | D:5      | Reached skill level 5 in Armour
  4363 | D:5      | Reached skill level 6 in Fighting
  4363 | D:5      | Reached skill level 1 in Maces & Flails
  4363 | D:5      | Reached XP level 7. HP: 52/63 MP: 6/6
  4581 | D:5      | Found a broken altar of Ashenzari.
  4787 | D:5      | Found an ornate altar of the Wu Jian Council.
  4794 | D:5      | Found a white marble altar of Elyvilon.
  4794 | D:5      | Found a glowing silver altar of Zin.
  4796 | D:5      | Found a white marble altar of Elyvilon.
  4796 | D:5      | Found a shimmering altar of Xom.
  4796 | D:5      | Found a stormy altar of Qazlal.
  5482 | D:6      | Reached skill level 5 in Shields
  5482 | D:6      | Reached XP level 8. HP: 63/71 MP: 7/7
  5510 | D:6      | Reached skill level 7 in Fighting
  5852 | D:7      | Reached skill level 1 in Stealth
  5929 | D:7      | Found a shadowy altar of Dithmenos.
  5988 | D:7      | Found a staircase to the Ecumenical Temple.
  6384 | D:7      | Found a flagged portal.
  6398 | Bailey   | Entered a bailey
  6802 | Bailey   | Reached skill level 8 in Fighting
  6802 | Bailey   | Reached XP level 9. HP: 42/81 MP: 8/8
  7270 | Bailey   | Noticed an orc knight
  7284 | Bailey   | Killed an orc knight
  7316 | Bailey   | Reached skill level 18 in Fighting
  7316 | Bailey   | Reached XP level 10. HP: 112/113 MP: 9/9
  7670 | D:7      | Noticed a two-headed ogre
  7691 | D:7      | Killed a two-headed ogre
  8183 | Temple   | Entered the Ecumenical Temple
  8279 | Temple   | Became a worshipper of Makhleb the Destroyer
  8703 | D:8      | Reached skill level 10 in Axes
  9200 | D:8      | Reached * piety under Makhleb
  9204 | D:8      | Reached XP level 11. HP: 120/120 MP: 10/10
  9582 | D:9      | Found a glowing golden altar of the Shining One.
  9608 | D:9      | Found an opulent altar of Gozag.
  9609 | D:9      | You fall into a shaft and drop 3 floors!
  9726 | D:11     | Lost mutation: You possess an exceptional clarity of mind.
                  | [potion of mutation]
  9726 | D:11     | Lost mutation: You are agile. (Dex +4, Str/Int -1) [potion
                  | of mutation]
  9726 | D:11     | Lost mutation: You are weak. (Str -2) [potion of mutation]
  9726 | D:11     | Gained mutation: You expend magic power (3 MP) to
                  | strengthen your wands. [potion of mutation]
  9891 | D:11     | Found a staircase to the Orcish Mines.
 10046 | D:10     | Entered Level 10 of the Dungeon
 10142 | D:9      | Reached skill level 1 in Invocations
 10376 | D:9      | Reached ** piety under Makhleb
 11153 | D:10     | Noticed a two-headed ogre
 11160 | D:10     | Killed a two-headed ogre
 11194 | D:10     | Found a staircase to the Lair.
 11362 | D:10     | Reached skill level 19 in Fighting
 12276 | D:11     | Noticed a boulder beetle
 12303 | D:11     | Killed a boulder beetle
 13004 | D:12     | Noticed a cyan ugly thing
 13017 | D:12     | Killed a cyan ugly thing
 13375 | Lair:1   | Entered Level 1 of the Lair of Beasts
 13395 | Lair:1   | Reached *** piety under Makhleb
 13589 | Lair:1   | Reached XP level 12. HP: 130/130 MP: 13/13
 14075 | Lair:2   | Found a staircase to the Swamp.
 14100 | Lair:2   | Reached skill level 5 in Dodging
 14289 | Lair:2   | Noticed an eight-headed hydra
 14297 | Lair:2   | Killed an eight-headed hydra
 15068 | Lair:2   | Found a hole to the Spider Nest.
 15221 | Lair:2   | Reached skill level 5 in Invocations
 15453 | Lair:2   | Found the +4 skin of Zhor {*Englaciate rC+++ SInv}
 15687 | Lair:2   | Reached **** piety under Makhleb
 16293 | Lair:3   | Noticed Urug
 16307 | Lair:3   | Killed Urug
 16322 | Lair:3   | Found a gate leading to a gauntlet.
 16346 | Gauntlet | Entered a Gauntlet
 16346 | Gauntlet | Found a transporter.
 16346 | Gauntlet | Found a transporter.
 16346 | Gauntlet | Found a transporter.
 16347 | Gauntlet | Found a transporter.
 16347 | Gauntlet | Noticed a tengu warrior
 16348 | Gauntlet | Found a transporter.
 16349 | Gauntlet | Found a large runed translucent door.
 16350 | Gauntlet | Found a large runed translucent door.
 16351 | Gauntlet | Found a large runed translucent door.
 16351 | Gauntlet | Found a large runed translucent door.
 16351 | Gauntlet | Found a transporter.
 16351 | Gauntlet | Found a runed translucent door.
 16352 | Gauntlet | Found a large runed translucent door.
 16353 | Gauntlet | Found a large runed translucent door.
 16354 | Gauntlet | Found a large runed translucent door.
 16354 | Gauntlet | Found a large runed translucent door.
 16354 | Gauntlet | Noticed a tengu warrior
 16355 | Gauntlet | Found a runed translucent gate.
 16355 | Gauntlet | Found a runed translucent gate.
 16357 | Gauntlet | Found a transporter.
 16360 | Gauntlet | Found a transporter.
 16362 | Gauntlet | Found a transporter.
 16362 | Gauntlet | Found a transporter.
 16370 | Gauntlet | Found a transporter.
 16371 | Gauntlet | Found a transporter.
 16399 | Gauntlet | Found a runed translucent gate.
 16400 | Gauntlet | Found a large runed translucent door.
 16400 | Gauntlet | Found a large runed translucent door.
 16401 | Gauntlet | Found a large runed translucent door.
 16402 | Gauntlet | Found a large runed translucent door.
 16403 | Gauntlet | Found a large runed translucent door.
 16403 | Gauntlet | Found a large runed translucent door.
 16403 | Gauntlet | Found a runed translucent door.
 16404 | Gauntlet | Found a large runed translucent door.
 16405 | Gauntlet | Found a large runed translucent door.
 16605 | Gauntlet | Killed a tengu warrior
 16644 | Gauntlet | Identified the +1 pair of gloves of New Discoveries {Str+6}
 16887 | Gauntlet | Identified the ring of the Serpent {Fire rElec}
 16904 | Gauntlet | Identified the +4 scale mail of the Crypt {rPois Int+2}
 16904 | Gauntlet | Noticed a minotaur
 16913 | Gauntlet | Killed a minotaur
 16958 | Gauntlet | Got the Meditations on Virulent Allies
 17423 | Lair:3   | Reached skill level 20 in Fighting
 17423 | Lair:3   | Reached XP level 13. HP: 105/139 MP: 16/16
 17870 | Lair:3   | Found a large runed translucent door.
 17870 | Lair:3   | Found a large runed translucent door.
 17871 | Lair:3   | Noticed WilliamBlazkowicz's ghost (journeyman MiFi)
 17952 | Lair:3   | Noticed Josephine
 17960 | Lair:3   | Noticed Nergalle
 17966 | Lair:3   | Killed Josephine
 17967 | Lair:3   | Noticed Snorg
 18264 | Lair:3   | Killed Nergalle
 18464 | Lair:3   | Killed Snorg
 19449 | D:3      | Killed Powertoast's ghost
 20684 | Lair:3   | Killed WilliamBlazkowicz's ghost
 20838 | Lair:4   | Reached skill level 1 in Polearms
 20876 | Lair:4   | Reached ***** piety under Makhleb
 21000 | Lair:4   | Found a dark tunnel.
 21009 | Volcano  | Entered a volcano
 21150 | Volcano  | Reached skill level 5 in Polearms
 21287 | Volcano  | Reached skill level 10 in Dodging
 21287 | Volcano  | Reached XP level 14. HP: 149/149 MP: 18/18
 21925 | Lair:4   | Found a staircase to the Slime Pits.
 21926 | Lair:4   | Found a viscous altar of Jiyva.
 22169 | Lair:5   | Entered Level 5 of the Lair of Beasts
 22215 | Lair:5   | Reached XP level 15. HP: 108/157 MP: 19/19
 22613 | Lair:4   | HP: 7/157 [poisoned by a cane toad]
 24054 | Lair:5   | Reached ****** piety under Makhleb
 24215 | Lair:5   | Reached skill level 21 in Fighting
 25123 | D:13     | Reached skill level 10 in Polearms
 25179 | D:13     | Found a frozen archway.
 25192 | IceCv    | Entered an ice cave
 25222 | IceCv    | Found a transporter.
 25233 | IceCv    | Found a transporter.
 25505 | IceCv    | Got Jifoif's Verses on Snow
 25506 | IceCv    | Identified the +7 hand axe of Accidental Termination
                  | {freeze, rF+ rN+ Dex+2}
 25657 | D:13     | Found a gate to the Vaults.
 25746 | D:13     | Reached skill level 10 in Shields
 25781 | D:13     | Found a stormy altar of Qazlal.
 26589 | D:14     | Found an ornate altar of the Wu Jian Council.
 27245 | D:14     | Reached XP level 16. HP: 167/167 MP: 21/21
 27528 | D:15     | Entered Level 15 of the Dungeon
 27850 | D:15     | Found a staircase to the Depths.
 27857 | D:15     | Found Kixko's Magic Scroll Emporium.
 28381 | Orc:1    | Entered Level 1 of the Orcish Mines
 28388 | Orc:1    | Noticed Maurice
 28413 | Orc:1    | Killed Maurice
 28644 | Orc:1    | Paralysed by an orc sorcerer for 3 turns
 28911 | Orc:1    | Found Jonohel's Armour Shoppe.
 29010 | Orc:2    | Entered Level 2 of the Orcish Mines
 29430 | Orc:2    | Found Itsiepn's Antique Weapon Boutique.
 29583 | Orc:2    | Found Zuapras's Distillery.
 29618 | Orc:2    | Bought 2 potions of curing for 84 gold pieces
 29618 | Orc:2    | Bought a potion of heal wounds for 70 gold pieces
 29619 | Orc:2    | Bought a potion of mutation for 112 gold pieces
 29619 | Orc:2    | Bought a potion of mutation for 112 gold pieces
 29619 | Orc:2    | Lost mutation: You expend magic power (3 MP) to strengthen
                  | your wands. [potion of mutation]
 29619 | Orc:2    | Lost mutation: You are partially covered in iridescent
                  | scales. (AC +2) [potion of mutation]
 29619 | Orc:2    | Gained mutation: Your system is resistant to poisons.
                  | (rPois) [potion of mutation]
 29619 | Orc:2    | Gained mutation: Your body sometimes deteriorates upon
                  | taking damage. [potion of mutation]
 29619 | Orc:2    | Gained mutation: You possess an exceptional clarity of
                  | mind. [potion of mutation]
 30003 | Orc:2    | Found a staircase to the Elven Halls.
 30692 | Orc:2    | Found Gohynlah's Book Shop.
 30785 | Orc:2    | Found Jyesougume's Antique Weapon Emporium.
 31126 | Orc:1    | Noticed Jorgrun
 31185 | Orc:2    | Killed Jorgrun
 31186 | Orc:2    | Reached skill level 1 in Evocations
 32461 | Spider:1 | Entered Level 1 of the Spider Nest
 32477 | Spider:1 | Noticed Agnes
 32495 | Spider:1 | Slain by Agnes

Illustrated notes

Levels and vault maps discovered:
D:1:      spicycebolla_green_bress_n_ham_2, layout_loops_ring,
          minmay_misc_feat_hallway
D:2:      layout_loops_cross, serial_bayou_crossing
D:3:      layout_basic, biasface_ghost_orc_armoury,
          minmay_randomly_rotated_circles, uniq_ijyb
D:4:      layout_rooms, nicolae_overflow_hidden_temple, serial_rivers,
          chequers_serial_rivers_small_b, chequers_serial_rivers_micro_d,
          chequers_serial_rivers_marsh, chequers_serial_rivers_small_b,
          nicolae_specific_store, kennysheep_minor_cross
D:5:      layout_basic, doesnt_xom_only_xom, grunt_temple_overflow_open
D:6:      layout_loops_ring, kennysheep_generic_room_5
D:7:      layout_basic, nicolae_dithmenos_through_a_glass_darkly,
          minmay_temple_entry_statues, enter_bailey_8, grunt_decor_cap,
          kennysheep_generic_room_3
D:8:      layout_gridville
D:9:      layout_loops_ring, grunt_gozag_statues, tso_oasis_becter
D:10:     layout_irregular_city, dpeg_oklobed_lair, minmay_crystal_water
D:11:     layout_loops_corners, david_orc_2
D:12:     layout_cave_pools, serial_bayou_lake_a
D:13:     layout_basic, david_vaults_1, serial_demonic, serial_demonic_f,
          serial_demonic_f, serial_demonic_g, serial_demonic_c,
          portal_ice_cave_rime, grunt_ministairs_1, grunt_qazlal_sundering
D:14:     layout_loops_cross, hangedman_decor_push,
          nicolae_wu_jian_immortal_techniques
D:15:     hangedman_depths_entry_civil_slaughter, layout_rooms, serial_shops,
          shop_statue, nrook_uturn
Temple:   compressed_dpeg_circular_temple
Lair:1:   layout_cave_shapes, grunt_megastairs_5, infiniplex_staircase_pool_2
Lair:2:   layout_layer_cave, minmay_swamp_entry_swarm,
          spider_nest_entry_funnel_web, serial_bayou, serial_bayou_pond_a,
          serial_bayou_shore_a, serial_bayou_pond_b, serial_bayou_lagoon_b,
          hellmonk_guarded_unrand_zhor
Lair:3:   layout_cave_pods, gauntlet_entry_generic, ebering_ghost_disaster_area,
          uniq_nergalle, uniq_urug, uniq_josephine, uniq_snorg
Lair:4:   lemuel_reptile_caves, layout_gridlike, minmay_slime_entry_pillars,
          nicolae_volcano_entry_two_sided, minivault_24, lemuel_fruit_fields,
          lemuel_fruit_fields
Lair:5:   minmay_lair_end_frog_pond, layout_gridlike, serial_bayou_pond_d
Spider:1: layout_spider_delve, uniq_agnes
Orc:1:    layout_diamond_mine, serial_shops, shop, basic_altar, uniq_maurice,
          uniq_jorgrun
Orc:2:    pubby_orc_utopia, serial_shops

Skill      XL: |  1  2  3  4  5  6  7  8  9 10 11 12 13 14 15 16 |
---------------+-------------------------------------------------+-----
Fighting       | 4 5 6 8 18 19 20 21 | 21.8
Shields        | 4 5 6 7 8 9 10 11 | 11.0
Armour         | 4 5 6 7 8 9 |  9.4
Axes           | 3 4 5 6 7 8 9 10 11 12 13 | 13.3
Dodging        | 1 2 3 4 6 10 12 13 | 13.0
Maces & Flails | 1 3 |  3.0
Stealth        | 1 2 3 4 |  4.2
Invocations    | 3 5 7 8 9 |  9.6
Polearms       | 5 6 11 13 | 13.1
Evocations     | 1 |  1.0
Throwing       | |  0.7

Action                   |  1- 3 |  4- 6 |  7- 9 | 10-12 | 13-15 | 16-18 || total
-------------------------+-------+-------+-------+-------+-------+-------++-------
Melee: War axe           |    73 |   101 |       |       |       |       ||   174
       Headbutt          |     9 |    22 |    45 |   198 |   420 |   192 ||   886
       Hand axe          |       |    18 |   203 |   774 |   175 |       ||  1170
       Flail             |       |    10 |       |    16 |       |       ||    26
       Spear             |       |       |       |       |  1456 |   896 ||  2352
Throw: Boomerang         |       |       |       |     4 |     2 |     6 ||    12
       Dart              |       |       |       |     1 |     2 |     1 ||     4
Evoke: Wand              |       |       |       |     9 |     1 |     1 ||    11
       Lightning rod     |       |       |       |       |       |     2 ||     2
  Use: Potion            |     1 |     6 |     2 |     7 |     2 |     3 ||    21
       Scroll            |       |    12 |     4 |    10 |     9 |     5 ||    40
 Stab: Paralysed         |       |       |       |     9 |       |       ||     9
       Sleeping          |       |       |       |     1 |     5 |     9 ||    15
       Distracted        |       |       |       |       |       |     1 ||     1
Armor: Scale mail        |    33 |    62 |    59 |   205 |       |       ||   359
       Skin              |       |       |       |     2 |       |       ||     2
       Animal skin       |       |       |       |    29 |   201 |    71 ||   301
Dodge: Dodged            |    51 |    55 |    69 |   262 |   610 |   227 ||  1274
Block: Buckler           |    13 |    41 |    91 |   259 |   456 |   186 ||  1046
